 Dungeon Crawl Stone Soup version 0.32-a0-377-g951292165a (webtiles) character file.

Game seed: 9834804615406280620

35 Ic0nGaming the Grasshopper (level 3, -1/22 HPs)
             Began as a Gargoyle Warper on Feb 19, 2024.
             Slain by a cerulean imp
             ... wielding a +1 spear
             ... summoned by Natasha
              (4 damage)
             ... on level 2 of the Dungeon.
             The game lasted 00:01:33 (699 turns).

Ic0nGaming the Grasshopper (Gargoyle Warper)         Turns: 699, Time: 00:01:34

Health: -1/22      AC:  7    Str: 14    XL:     3   Next: 35%
Magic:  6/6        EV: 11    Int: 15    God:
Gold:   40         SH:  0    Dex:  9    Spells: 6/6 levels left

rFire   . . .        a - +0 mace
rCold   . . .        (no shield)
rNeg    + . .        b - +0 leather armour
rPois   ∞            (no helmet)
rElec   +            (no cloak)
rCorr   .            f - +0 pair of gloves
SInv    .            (no boots)
Will    .....        (no amulet)
Stlth   +            (no ring)
HPRegen 0.23/turn    (no ring)
MPRegen 0.10/turn

%: no passive effects
@: slowed, very slow
A: sickness immunity, AC +3, negative energy resistance 1, electricity
resistance, torment resistance 1, petrification resistance
a: no special abilities


You were on level 2 of the Dungeon.
You visited 1 branch of the dungeon, and saw 2 of its levels.

You collected 40 gold pieces.

Inventory:

Hand Weapons
 a - a +0 mace (weapon)
Missiles
 d - 7 darts of dispersal (quivered)
Armour
 b - a +0 leather armour (worn)
 f - a +0 pair of gloves (worn)
Scrolls
 c - a scroll of blinking
 e - 2 scrolls of amnesia {unknown}
 g - a scroll of enchant armour {unknown}
 i - a scroll of fog {unknown}
 j - a scroll of identify {unknown}
 m - a scroll of vulnerability {unknown}
Potions
 h - a potion of lignification {unknown}
 k - a potion of degeneration {unknown}
 l - a potion of mutation {unknown}
 n - a potion of curing {unknown}


   Skills:
 + Level 2.8 Fighting
 + Level 2.4 Maces & Flails
 - Level 0.8 Throwing
 - Level 1.1 Armour
 - Level 1.5 Dodging
 + Level 2.4 Spellcasting
 + Level 3.0 Translocations


You had 6 spell levels left.
You didn't know any spells.
Your spell library contained the following spells:

 Spells                   Type           Power      Damage    Failure   Level
 Blink                    Tloc           20%        N/A       12%         2
 Lesser Beckoning         Tloc           20%        N/A       12%         2
 Teleport Other           Tloc           10%        N/A       22%         3
 Manifold Assault         Tloc           10%        N/A       58%         4
 Dazzling Flash           Conj/Hex       2%         N/A       61%         3
 Mephitic Cloud           Conj/Alch/Air  1%         N/A       61%         3
 Vhi's Electric Charge    Tloc/Air       12%        N/A       80%         4
 Curse of Agony           Necr           1%         N/A       100%        5
 Silence                  Hex/Air        0%         N/A       100%        5


Dungeon Overview and Level Annotations

Branches:
Dungeon (2/15)

Altars:

Annotations:
D:2 Natasha


Innate Abilities, Weirdness & Mutations

You are immune to sickness and miasma.
Your stone body is resilient. (AC +3)
You are immune to poison.
You resist negative energy. (rN+)
You are resistant to electric shocks. (rElec)
You are resistant to unholy torment.
You are immune to petrification.


Message History

You see here a quokka corpse.
A ball python comes into view.
The ball python hisses angrily.
You see here a cyan potion.
Natasha, Servant of Life and Death comes into view.
Natasha hisses angrily.
Natasha stares at you and mumbles some strange words.
You feel yourself slow down.
Natasha mumbles some strange words. x2
The ball python misses you. The ball python grabs you.
The ball python constricts you.
You hit the ball python.
The ball python is heavily wounded.
The ball python barely misses you. The ball python constricts you.
The ball python bites you but does no damage.
The ball python constricts you.
You hit the ball python but do no damage.
The ball python is heavily wounded.
The ball python bites you. The ball python constricts you.
The cerulean imp hits you from afar with a +1 spear.
The ball python bites you but does no damage.
The ball python constricts you.
You sock the ball python!
You kill the ball python!
The cerulean imp misses you.
The cerulean imp hits you from afar with a +1 spear.
Natasha closely misses you. The cerulean imp barely misses you.
The cerulean imp hits you from afar with a +1 spear.
Natasha completely misses you.
You closely miss Natasha.
The cerulean imp hits you from afar with a +1 spear. x2
* * * LOW HITPOINT WARNING * * *
Natasha claws you.
* * * LOW HITPOINT WARNING * * *
The cerulean imp closely misses you.
The cerulean imp hits you from afar with a +1 spear.
* * * LOW HITPOINT WARNING * * *
You miss Natasha. Natasha closely misses you.
The cerulean imp hits you from afar with a +1 spear.
You die...

...... ....... .......########
#...... ..............# #......
..............# #......
............[.# #......
.....5.....†..# #......
.........!....# #......
##.#5h@......# #......
#..........#####......
###..####.....###.....
#...#..#..##.# #.....
#############...#.)#..##.###.....
#..........##...#+##..#.......###
#.####.....##.........#######.#
#....'................####....#
######.....#......#...........#


You could see Natasha and 2 cerulean imps.

Vanquished Creatures
  4 endoplasms (D:1)
  A giant cockroach (D:1)
  A goblin (D:1)
  2 hobgoblins (D:1)
  2 quokkas
  2 ball pythons
  7 kobolds
19 creatures vanquished.

Notes
Turn   | Place    | Note
-------+----------+-------------------------------------------
     0 | D:1      | Ic0nGaming the Gargoyle Warper began the quest for the Orb.
     0 | D:1      | Reached XP level 1. HP: 12/12 MP: 3/3
    70 | D:1      | Reached XP level 2. HP: 15/18 MP: 5/5
   294 | D:1      | Reached XP level 3. HP: 18/22 MP: 6/6
   478 | D:1      | Reached skill level 3 in Translocations
   693 | D:2      | Noticed Natasha
   699 | D:2      | Slain by a cerulean imp

Illustrated notes

Levels and vault maps discovered:
D:1:      lightli_arrival_windingriver, layout_basic, fountainhead,
          minmay_misc_feat_plants
D:2:      minmay_diamond_boxcup, layout_basic, corexii_shack, uniq_natasha

Skill      XL: |  1  2  3 |
---------------+----------+-----
Translocations | 3 |  3.0
Fighting       | |  2.8
Maces & Flails | |  2.4
Throwing       | |  0.8
Armour         | |  1.1
Dodging        | |  1.5
Spellcasting   | |  2.4

Action                     || total
---------------------------++-------
  Melee: Mace              ||    53
 Armour: Leather armour    ||    55
  Dodge: Dodged            ||    23

Table legend: (Time is in decaauts)
 A = Elapsed time spent in this place.
 B = Non-inter-level travel time spent in this place.
 C = Inter-level travel time spent in this place.
 D = Time resting spent in this place.
 E = Time spent auto-exploring this place.
 F = Levels seen in this place.
 G = Mean time per level.
                   A        B        C        D        E       F      G
               +--------+--------+--------+--------+--------+-----+--------+
         Total |    719 |    691 |     28 |      3 |    527 |   2 |  359.5 |
       Dungeon |    719 |    691 |     28 |      3 |    527 |   2 |  359.5 |
               +--------+--------+--------+--------+--------+-----+--------+

Top non-repeatable levels by time:
     D:1: 617 daAuts
     D:2: 102 daAuts
